 Dungeon Crawl Stone Soup version 0.30-a0-800-g7c544603b3 (webtiles) character file.

Game seed: 10976320776531566793

1383 Aneyh the Fighter (level 8, -1/50 HPs)
             Began as a Tengu Enchanter on Feb 22, 2023.
             Was a Follower of Hepliaklqana.
             Slain by Prince Ribbit (7 damage)
             ... on level 6 of the Dungeon.
             The game lasted 00:13:15 (4836 turns).

Aneyh the Fighter (Tengu Enchanter)                 Turns: 4836, Time: 00:13:16

Health: -1/50      AC:  2    Str: 15    XL:     8   Next: 67%
Magic:  12/12      EV: 15    Int: 16    God:    Hepliaklqana [*.....]
Gold:   236        SH:  0    Dex: 16    Spells: 4/11 levels left

rFire   . . .      SeeInvis .    t - +0 halberd
rCold   . . .      Faith    .    (shield currently unavailable)
rNeg    . . .      Spirit   .    b - +0 robe
rPois   .          Reflect  .    (helmet restricted)
rElec   .          Harm     .    (no cloak)
rCorr   .          Rampage  .    (no gloves)
Will    .....                    (boots unavailable)
Stlth   ++                       (no amulet)
HPRegen 1.08/turn                i - +6 ring of strength
MPRegen 0.13/turn                (no ring)

@: flying quickly and evasively, quick
A: reduced essence, beak, talons 3, nimble flight, regeneration 1, screaming 1
a: Renounce Religion, Recall Ancestor, Ancestor Identity


You were on level 6 of the Dungeon.
You worshipped Hepliaklqana.
Hepliaklqana was aware of your devotion.
You visited 2 branches of the dungeon, and saw 8 of its levels.

You collected 236 gold pieces.

Inventory:

Hand Weapons
 a - a +1 dagger
 d - a +0 dagger of flaming
 t - a +0 halberd (weapon)
 u - a +0 trident
Armour
 b - a +0 robe (worn)
Jewellery
 i - a +6 ring of strength (left hand)
 l - an amulet of faith
 x - a ring of protection from cold
Wands
 p - a wand of polymorph (6)
Scrolls
 e - 2 scrolls of butterflies {unknown}
 f - 10 scrolls of identify {unknown}
 g - 4 scrolls of poison {unknown}
 j - 3 scrolls of immolation {unknown}
 o - a scroll of silence {unknown}
 q - a scroll of fog {unknown}
 r - a scroll of teleportation {unknown}
 v - a scroll of amnesia {unknown}
Potions
 h - 2 potions of brilliance {unknown}
 k - 3 potions of mutation
 m - 2 potions of attraction {unknown}
 n - 2 potions of resistance {unknown}
 s - 3 potions of lignification
 w - a potion of degeneration {unknown}


   Skills:
 + Level 9.3 Fighting
 - Level 1.1 Short Blades
 - Level 2.1 Dodging
 - Level 3.0 Stealth
 - Level 2.0 Spellcasting
 - Level 4.0 Hexes


You had 4 spell levels left.
You knew the following spells:

 Your Spells              Type           Power      Damage    Failure   Level
a - Tukima's Dance        Hex            14%        N/A       12%         3
b - Cause Fear            Hex            7%         N/A       36%         4

Your spell library contained the following spells:

 Spells                   Type           Power      Damage    Failure   Level
 Confusing Touch          Hex            14%        N/A       12%         3
 Ensorcelled Hibernation  Hex/Ice        16%        N/A       14%         2
 Dazzling Flash           Conj/Hex       16%        N/A       26%         3
 Dragon Form              Tmut           0%         N/A       100%        7
 Dragon's Call            Summ           0%         N/A       100%        9


Dungeon Overview and Level Annotations

Branches:
Dungeon (7/15)             Temple (1/1) D:4

Altars:
Ashenzari
Cheibriados
Dithmenos
Elyvilon
Fedhas
Gozag
Hepliaklqana
Kikubaaqudgha
Makhleb
Nemelex Xobeh
Qazlal
Ru
Sif Muna
Vehumet
Wu Jian
Xom
Yredelemnul
The Shining One

Annotations:
D:6 Dowan, Duvessa, Prince Ribbit


Innate Abilities, Weirdness & Mutations

Your life essence is reduced to manifest your ancestor. (-10% HP)
You have a beak for a mouth.
You have claws for feet.
Your magical nature lets you fly swiftly and evasively.
Your natural rate of healing is unusually fast.
You occasionally shout uncontrollably at your foes.


Message History

Tepiltzin barely misses Dowan.
Duvessa completely misses you.
You puncture Duvessa!
Duvessa is moderately wounded.
Dowan completely misses Tepiltzin.
Tepiltzin closely misses Dowan.
Dowan gestures wildly while chanting.
Dowan blinks!
Duvessa misses you.
You hit Duvessa but do no damage.
Duvessa is moderately wounded.
Duvessa hits you. x2
You hit Duvessa but do no damage. You claw Duvessa, but do no damage.
Duvessa is moderately wounded.
Dowan zaps a wand.
The roots erupt in riotous growth!
Prince Ribbit is unaffected.
The grasping roots grab you!
Tepiltzin is unaffected.
The grasping roots constrict you. Duvessa hits you but does no damage.
Prince Ribbit hits you!
Tepiltzin completely misses Duvessa.
You puncture Duvessa! You claw Duvessa, but do no damage.
Duvessa is heavily wounded.
Prince Ribbit barely misses you. The grasping roots constrict you.
Duvessa hits you.
Tepiltzin hits Duvessa but does no damage.
Prince Ribbit hits you! The grasping roots constrict you. Duvessa hits you.
* * * LOW HITPOINT WARNING * * *
You hit Duvessa but do no damage. You claw Duvessa, but do no damage.
Duvessa is heavily wounded.
Prince Ribbit hits you.
* * * LOW HITPOINT WARNING * * *
Tepiltzin barely misses Duvessa.
The grasping roots constrict you.
* * * LOW HITPOINT WARNING * * *
Duvessa hits you.
* * * LOW HITPOINT WARNING * * *
Prince Ribbit closely misses you.
Tepiltzin hits Duvessa but does no damage.
The grasping roots release their grip on you.
Okay, then.
You swap places.
Prince Ribbit croaks regally.
Prince Ribbit hits you!
You die...

###........##.# #
#........####.# #
#.#.#.##ยง####.## #
#......[......R######
#)#.#.#........##....
#.....#.......R##.###
#.#e#..[.............
#.#F#.##.####..##.###
#.#R@.##.## #..##.#
########.#e#.....###..##.#
.........#.##.........##.#
########.#.######.##..##.#
#.#.# #).#..##.# #e#.#
#####.#..##.##
######.#.###............##
#............#####...^....
#.####.#...........####.##


You could see the friendly Tepiltzin the ancestor, Prince Ribbit, Duvessa
(distracted, ally target) and Dowan.

Vanquished Creatures
  Edmund (D:6)
  2 black bears
  An ogre (D:5)
  A phantom (D:5)
  3 scorpions
  A howler monkey (D:5)
  2 hounds
  3 orc priests (D:4)
  2 iguanas
  Terence (D:2)
  2 orc wizards (D:4)
  3 gnolls (D:5)
  17 adders
  A shadow imp (D:5)
  An ufetubus (D:5)
  A worm (D:2)
  12 orcs
  11 endoplasms
  4 giant cockroaches
  13 goblins
  4 hobgoblins
  2 jackals (D:4)
  9 kobolds
  4 quokkas
  12 ball pythons
  10 bats
  3 frilled lizards
  23 rats
149 creatures vanquished.

Vanquished Creatures (collateral kills)
  A black bear (D:5)
  An adder (D:5)
  A white imp (D:6)
  2 orcs (D:4)
  A kobold (D:4)
6 creatures vanquished.

Vanquished Creatures (others)
  6 dancing weapons
  3 ancestors (D:6)
9 creatures vanquished.

Grand Total: 164 creatures vanquished

Notes
Turn   | Place    | Note
-------+----------+-------------------------------------------
     0 | D:1      | Aneyh the Tengu Enchanter began the quest for the Orb.
     0 | D:1      | Reached XP level 1. HP: 10/10 MP: 4/4
    99 | D:1      | Reached XP level 2. HP: 15/15 MP: 6/6
   479 | D:1      | Reached XP level 3. HP: 16/19 MP: 7/7
   517 | D:2      | Noticed Terence
   546 | D:1      | Learned a level 3 spell: Tukima's Dance
   913 | D:2      | Reached XP level 4. HP: 6/24 MP: 8/8
   917 | D:2      | Gained mutation: Your natural rate of healing is unusually
                  | fast. [potion of mutation]
   917 | D:2      | Gained mutation: You occasionally shout uncontrollably at
                  | your foes. [potion of mutation]
   974 | D:2      | Reached skill level 1 in Fighting
  1151 | D:2      | Killed Terence
  1191 | D:2      | Found a faded altar of an unknown god.
  1507 | D:3      | Gained mutation: Your magical nature lets you fly swiftly
                  | and evasively. [Tengu growth]
  1507 | D:3      | Reached XP level 5. HP: 29/29 MP: 9/9
  1549 | D:3      | Found a stormy altar of Qazlal.
  1551 | D:3      | Found a sparkling altar of Nemelex Xobeh.
  1749 | D:3      | Found a snail-covered altar of Cheibriados.
  1857 | D:3      | Reached skill level 2 in Fighting
  2146 | D:4      | Reached skill level 3 in Fighting
  2210 | D:4      | Reached XP level 6. HP: 37/37 MP: 4/10
  2337 | D:4      | Reached skill level 4 in Fighting
  2556 | D:4      | Found a staircase to the Ecumenical Temple.
  2596 | Temple   | Entered the Ecumenical Temple
  2627 | Temple   | Became a worshipper of Hepliaklqana the Forgotten
  2672 | D:4      | Reached skill level 5 in Fighting
  2783 | D:4      | Reached XP level 7. HP: 40/44 MP: 11/11
  3200 | D:5      | Entered Level 5 of the Dungeon
  3252 | D:5      | Reached skill level 6 in Fighting
  3450 | D:5      | Reached * piety under Hepliaklqana
  3490 | D:5      | Reached skill level 7 in Fighting
  3671 | D:5      | Reached XP level 8. HP: 22/48 MP: 12/12
  3860 | D:5      | Reached skill level 8 in Fighting
  4197 | D:6      | Noticed Dowan
  4197 | D:6      | Noticed Prince Ribbit
  4198 | D:6      | Noticed Edmund
  4200 | D:6      | Noticed Duvessa
  4297 | D:6      | Killed Edmund
  4298 | D:6      | Reached skill level 9 in Fighting
  4311 | D:6      | Learned a level 4 spell: Cause Fear
  4836 | D:6      | Slain by Prince Ribbit

Illustrated notes

Levels and vault maps discovered:
D:1:      lightli_arrival_noodles, layout_basic
D:2:      layout_basic, basic_ecumenical_altar, nrook_mini_vaults, st_stairs_5,
          minmay_hedge_maze, minmay_rat_hole, uniq_terence
D:3:      minmay_chambers_of_threes, layout_rooms,
          mainiacjoe_overflow_divided_tiny, chei_slow_surprise, hex_medium
D:4:      layout_basic, minmay_temple_entry_tees, hex_large, nicolae_half_adder
D:5:      layout_loops_ring
D:6:      layout_basic, uniq_prince_ribbit1, uniq_edmund, uniq_duvessa
D:7:      layout_loops_ring, grunt_temple_overflow_open, minivault_1,
          nicolae_elevator_lobby_plus
Temple:   hellmonk_temple_of_storms

Skill      XL: |  1  2  3  4  5  6  7  8 |
---------------+-------------------------+-----
Hexes          | 3 4 |  4.0
Fighting       | 1 3 5 7 9 |  9.3
Short Blades   | |  1.1
Dodging        | |  2.1
Stealth        | |  3.0
Spellcasting   | |  2.0

Action                     |  1- 3 |  4- 6 |  7- 9 || total
---------------------------+-------+-------+-------++-------
  Melee: Dagger            |   110 |   236 |    72 ||   418
         Kick              |    26 |    68 |    50 ||   144
         Peck              |    12 |    41 |    23 ||    76
         Punch             |     1 |     4 |     2 ||     7
         Halberd           |       |       |    87 ||    87
  Throw: Throwing net      |       |     1 |       ||     1
   Cast: Tukima's Dance    |       |    11 |    10 ||    21
 Invoke: Recall Ancestor   |       |       |     1 ||     1
    Use: Potion            |       |     3 |     2 ||     5
   Stab: Sleeping          |     9 |     6 |     4 ||    19
         Distracted        |       |     1 |     1 ||     2
 Armour: Robe              |    23 |    35 |    19 ||    77
  Dodge: Dodged            |    55 |   156 |   132 ||   343

Table legend: (Time is in decaauts)
 A = Elapsed time spent in this place.
 B = Non-inter-level travel time spent in this place.
 C = Inter-level travel time spent in this place.
 D = Time resting spent in this place.
 E = Time spent auto-exploring this place.
 F = Levels seen in this place.
 G = Mean time per level.
                   A        B        C        D        E       F      G
               +--------+--------+--------+--------+--------+-----+--------+
         Total |   4645 |   4457 |    188 |    457 |   2727 |   8 |  580.6 |
       Dungeon |   4605 |   4417 |    188 |    457 |   2727 |   7 |  657.9 |
        Temple |     39 |     39 |      0 |      0 |      0 |   1 |   39.0 |
               +--------+--------+--------+--------+--------+-----+--------+

Top non-repeatable levels by time:
     D:4: 1042 daAuts
     D:5: 890 daAuts
     D:2: 866 daAuts
     D:3: 588 daAuts
     D:1: 522 daAuts
     D:6: 434 daAuts
     D:7: 260 daAuts
  Temple: 39 daAuts
